 Dungeon Crawl Stone Soup version 0.21-a0-178-g0b87683 (webtiles) character file.

207896 MackTheKnife the Peltast (level 18, -2/105 HPs)
             Began as a Vine Stalker Berserker on Aug 9, 2017.
             Was a High Priest of Trog.
             Killed from afar by a deep elf sorcerer (35 damage)
             ... with a bolt of acid
             ... on level 3 of the Elven Halls.
             The game lasted 01:25:55 (14013 turns).

MackTheKnife the Peltast (Vine Stalker Berserker)  Turns: 14013, Time: 01:25:55

Health: -2/105     AC: 20    Str: 27    XL:     18   Next: 77%
Magic:  0/22       EV: 21    Int:  7    God:    Trog [*****.]
Gold:   802        SH: 26    Dex: 21    Spells: 17/17 levels left

rFire    . . .     SeeInvis .   a - +1 dagger (elec)
rCold    + . .     Gourm    .   n - +3 large shield {AC+3}
rNeg     . . .     Faith    +   k - +2 chain mail {rC+}
rPois    .         Spirit   +   V - +2 hat {MR+}
rElec    +         Reflect  .   j - +0 cloak
rCorr    .         Harm     .   C - +2 pair of gloves {Dex+3}
MR       +++++                  l - +0 pair of boots {Stlth+}
Stlth    ..........             r - amulet of faith {Faith, !P}
HPRegen  2.07/turn              T - ring of Mubenil {rElec Str-2 Dex+3 Stlth-}
MPRegen  0.18/turn              t - +6 ring of evasion

@: lethally poisoned (-2 -> -3), corroded, regenerating
A: fangs 3, talons 1, low mp 1, magic resistance 1, regeneration 2, screaming 1,
strong 1, magic shield, antimagic bite, no potion heal 3, rot immunity
}: 1/15 runes: serpentine
a: Berserk, Trog's Hand, Brothers in Arms, Burn Spellbooks, Renounce Religion


You were on level 3 of the Elven Halls.
You worshipped Trog.
Trog was extremely pleased with you.
You were not hungry.

You visited 6 branches of the dungeon, and saw 32 of its levels.
You also visited: Labyrinth and Ice Cave.

You collected 1489 gold pieces.
You spent 687 gold pieces at shops.

Inventory:

Hand Weapons
 a - a +1 dagger of electrocution (weapon)
   (You took it off an orc wizard on level 2 of the Orcish Mines)
 x - a +7 antimagic rapier
   (Trog gifted it to you on level 6 of the Lair of Beasts)
 Q - the +4 Maxwell's thermic engine {flame, freeze, rF- rC-}
   (You took it off a deep elf sorcerer on level 3 of the Elven Halls)

   It has been specially enchanted to burn those struck by it, causing extra
   injury to most foes and up to half again as much damage against particularly
   susceptible opponents.
   Big, fiery blades are also staple armaments of hydra-hunters.
   It makes you vulnerable to fire.
   It makes you vulnerable to cold.
Missiles
 b - 3 throwing nets {=f, !d}
Armour
 j - a +0 cloak (worn)
   (You took it off Crazy Yiuf on level 5 of the Dungeon)
 k - a +2 chain mail of cold resistance (worn)
   (You took it off an orc warrior on level 2 of the Orcish Mines)
 l - a +0 pair of boots of stealth (worn)
   (You found it in an ice cave)
 n - a +3 large shield of protection (worn)
   (You bought it in a shop on level 3 of the Snake Pit)
 C - a +2 pair of gloves of dexterity (worn)
   (You found it in an ice cave)
 V - a +2 hat of magic resistance (worn)
   (You took it off Gastronok on level 3 of the Lair of Beasts)
Jewellery
 e - an uncursed ring of poison resistance {rPois, !d}
   (You bought it in a shop on level 2 of the Orcish Mines)
 r - an amulet of faith (around neck) {Faith, !P}
   (You found it on level 8 of the Dungeon)
 t - a +6 ring of evasion (right hand)
   (You found it in an ice cave)
 D - an uncursed amulet of magic regeneration
   (You found it on level 6 of the Lair of Beasts)
 I - an uncursed amulet of the gourmand {unknown}
   (You found it on level 3 of the Elven Halls)
 R - the amulet "Ziupn" {Reflect *Slow +Inv rC+ Str+5 SH+3, unknown}
   (You took it off a deep elf sorcerer on level 3 of the Elven Halls)

   [amulet of reflection]

   It shields you and reflects attacks.
   It affects your strength (+5).
   It protects you from cold.
   It lets you turn invisible.
   It may slow you when you take damage.
   It affects your SH (+3).
 T - the ring of Mubenil (left hand) {rElec Str-2 Dex+3 Stlth-}
   (You took it off a deep elf blademaster on level 3 of the Elven Halls)

   [ring of loudness]

   It affects your strength (-2).
   It affects your dexterity (+3).
   It insulates you from electricity.
   It makes you less stealthy.
Wands
 c - a wand of scattershot (5/9)
   (You found it on level 4 of the Snake Pit)
 z - a wand of paralysis (16/24)
   (You found it in an ice cave)
 B - a wand of digging (10/24)
   (You found it in an ice cave)
 J - a wand of confusion (2/48)
   (You found it on level 14 of the Dungeon)
 O - a wand of lightning (0/15)
   (You found it in a labyrinth)
 P - a wand of digging (2/24)
   (You found it in a labyrinth)
Scrolls
 h - 2 scrolls of fear
 m - 8 scrolls of remove curse
 y - 4 scrolls of recharging
 E - a scroll of brand weapon
 M - 2 scrolls of enchant weapon
Potions
 g - 2 potions of berserk rage {!q}
 i - 3 potions of lignification {!q}
 o - 2 potions of might
 q - 5 potions of mutation {!q}
 w - 2 potions of haste
 A - 2 potions of agility
 F - 5 potions of curing
 G - a potion of invisibility
 H - 2 potions of brilliance
 L - 2 potions of ambrosia
Miscellaneous
 s - a lightning rod (4/4)
   (You found it in an ice cave)
 K - 2 phantom mirrors
Comestibles
 d - a meat ration {@e2}
 f - 12 fruits
 u - 5 royal jellies


   Skills:
 - Level 16.0 Fighting
 - Level 10.0 Short Blades
 - Level 9.0 Armour
 - Level 10.0 Dodging
 - Level 5.8 Stealth
 + Level 17.3 Shields
 - Level 7.8 Evocations


You had 17 spell levels left.
You didn't know any spells.

Dungeon Overview and Level Annotations

Branches:
Dungeon (15/15)            Temple (0/1) D:7            Lair (6/6) D:11
 Shoals (2/4) Lair:3        Snake (4/4) Lair:3          Orc (2/2) D:9
    Elf (3/3) Orc:2
  Slime: Lair:5-6    Vaults: D:13-14     Depths: D:15

Altars:
Dithmenos
Gozag
Nemelex Xobeh
Okawaru
Qazlal
Sif Muna

Shops:
D:8 ?   Orc:2 :=!(   Elf:3 %}=   Snake:3 [[:[

Portals:
Trove: D:14 (give +6 demon whip)

Annotations:
D:11 Urug
Snake:3 Vashnia
Elf:2 exclusion: Roxanne, Roxanne
Elf:3 25 runed doors


Innate Abilities, Weirdness & Mutations

You have razor-sharp teeth.
You heal very quickly.
When hurt, damage is shared between your health and your magic reserves.
Your bite disrupts and absorbs the magic of your enemies.
Potions cannot restore your health.
You are immune to rotting.
You have sharp toenails.
Your magical capacity is low. (-10% MP)
You are resistant to hostile enchantments. (MR+)
You occasionally shout uncontrollably at your foes.
Your muscles are strong. (Str +2)


Message History

Your troll bites the deep elf high priest!
Your troll claws the deep elf high priest!!
Your troll misses the deep elf high priest.
The deep elf sorcerer hits your troll with a quarterstaff.
The deep elf high priest drinks a potion.
The deep elf high priest is healed!
The deep elf sorcerer moves out of view.
Your ogre goes berserk!
You are starving!
Your troll bites the deep elf high priest!
Your troll misses the deep elf high priest.
Your troll barely misses the deep elf high priest.
The deep elf high priest unwields an uncursed longbow.
The deep elf high priest wields an uncursed scimitar.
The deep elf high priest hits your troll with an uncursed scimitar!
The deep elf sorcerer hits your troll with a quarterstaff!
Your troll closely misses the deep elf high priest.
Your troll claws the deep elf high priest!!
The deep elf high priest dies!
Trog accepts your kill.
You eat one of the 2 meat rations {@e2}.
That meat ration really hit the spot!
Your troll bites the deep elf annihilator!!
Your troll closely misses the deep elf annihilator.
Your troll barely misses the deep elf annihilator.
The deep elf sorcerer casts a spell.
The deep elf sorcerer seems to speed up.
The deep elf demonologist gestures wildly while chanting.
The deep elf sorcerer hits your troll with a quarterstaff!
The deep elf annihilator gestures wildly while chanting.
The deep elf annihilator blinks!
The deep elf sorcerer seems less brilliant.
The deep elf annihilator seems less brilliant.
The deep elf sorcerer seems less brilliant.
Your troll bites the deep elf sorcerer!!
Your troll misses the deep elf sorcerer. x2
The deep elf sorcerer's eyes start to glow.
The deep elf demonologist casts a spell.
The deep elf sorcerer hits your troll with a quarterstaff!
Your troll dies!
Your troll's corpse disappears in a puff of smoke!
The deep elf annihilator casts a spell.
The deep elf annihilator blinks!
The deep elf sorcerer points at you and mumbles some strange words.
The bolt of acid hits you! The acid corrodes you!
You are splashed with acid!
The acid burns!
Your ogre barely misses the deep elf annihilator.
You take 29 damage, and have 68/105 hp.
MASSIVE DAMAGE!!
You now have 15/22 mp.
You hit the deep elf sorcerer. Your bite misses the deep elf sorcerer.
The deep elf demonologist gestures wildly while chanting.
The deep elf sorcerer completely misses you.
Unknown command.
Your skin crawls.
You feel resistant to hostile enchantments.
You feel somewhat more hungry.
Your ogre misses the deep elf annihilator.
The deep elf annihilator completely misses your ogre.
The deep elf sorcerer casts a spell at you.
The bolt of acid hits you!
You are splashed with acid!
The acid burns!
The deep elf demonologist mumbles some strange words.
You take 16 damage, and have 53/105 hp.
You now have 11/22 mp.
Unknown command.
You are too injured to fight recklessly!
You are too injured to fight recklessly!
You swap places.
The hellion gives a hideous shriek!
Your ogre rages.
Your ogre closely misses the deep elf sorcerer.
The deep elf sorcerer hits your ogre with a rapier.
The deep elf sorcerer hits you with a quarterstaff!
The deep elf annihilator closely misses you.
You take 3 damage, and have 50/105 hp.
You now have 9/22 mp.
Your ogre hits the deep elf sorcerer with a giant club!!!
You block the deep elf annihilator's attack.
Your ogre closely misses the deep elf sorcerer.
Things that are here:
a short sword; a chain mail; an elf corpse You regained 2 hp, and now have 52/105 hp.
You block the deep elf annihilator's attack.
Your ogre closely misses the deep elf sorcerer.
You regained 2 hp, and now have 54/105 hp.
Okay, then.
Your ogre goes berserk!
You feel quite a bit more hungry.
The deep elf sorcerer says, "Dogrw nutew berg."
You block the deep elf annihilator's attack.
The deep elf sorcerer barely misses you.
You regained 2 hp, and now have 56/105 hp.
The deep elf annihilator points at you and mumbles some strange words.
The poison arrow hits you!
You are poisoned.
Your ogre hits the deep elf sorcerer with a giant club!!
The deep elf sorcerer hits your ogre with a quarterstaff!
The deep elf sorcerer howls an incantation.
The deep elf sorcerer glows brightly for a moment.
The deep elf sorcerer casts a spell at you.
The bolt of acid hits you!
You die...

....).##.# #.#
###.#.#=.# ##.#
####)######.#
######.....#)##
.........(.)##
##########.####
##..)).).####
#............O####
.....#...#...@.e.###
...............e...#
.####.....####(eO.##
####### ###2.#
......)).#
.3..#...## .# #2#..#
#e....# 2.2...##


You could see a deep elf annihilator, 2 deep elf sorcerers, a tormentor and 2
friendly ogres.

Vanquished Creatures
  Rupert (Lair:6)
  An Ice Fiend (IceCv)
  3 deep elf blademasters
  4 deep elf master archers (Elf:3)
  Gastronok (Lair:3)
  2 nagarajas (Snake:2)
  7 deep elf sorcerers (Elf:3)
  3 deep elf elementalists (Elf:3)
  4 deep elf annihilators (Elf:3)
  3 deep elf demonologists
  A merfolk javelineer (Shoals:2)
  3 deep elf death magi (Elf:3)
  A minotaur (Lab)
  A merfolk impaler (Shoals:2)
  2 deep elf high priests
  An ogre mage (D:15)
  8 naga warriors
  6 hydras
  Harold (D:11)
  A catoblepas (Lair:6)
  Fannar (D:11)
  The ghost of Duffy the Cleaver, a journeyman VSGl of Cheibriados (IceCv)
  10 anacondas
  2 centaur warriors
  Erica (D:8)
  13 dancing weapons
  6 death yaks (Lair:6)
  8 two-headed ogres
  7 naga sharpshooters
  3 orc high priests (Orc:2)
  Nergalle (Lair:2)
  3 shock serpents
  Sonja (D:15)
  8 deep elf knights
  A skeletal warrior (D:15)
  9 naga ritualists
  A sea snake (Shoals:2)
  3 unseen horrors
  5 deep elf archers
  2 orc knights (Orc:2)
  7 mana vipers
  2 wolf spiders (Lair:6)
  5 orc sorcerers (Orc:2)
  6 ugly things
  37 deep elf magi
  3 cyclopes
  5 manticores
  4 salamanders
  Psyche (D:9)
  13 naga magi
  2 centaur zombies
  An ice statue (Elf:1)
  5 guardian serpents
  Joseph (Lair:1)
  2 centaur skeletons (D:13)
  16 spiny frogs
  30 black mambas
  A spiny frog (shapeshifter) (D:14)
  4 komodo dragons
  3 freezing wraiths
  A golden dragon simulacrum (IceCv)
  3 anaconda simulacra (IceCv)
  A tengu conjurer (D:15)
  A queen bee (shapeshifter) (D:13)
  6 ice devils (IceCv)
  6 merfolk (Shoals:2)
  3 trolls
  A polar bear (Lair:5)
  7 slime creatures (D:15)
  4 hornets
  A wolf spider simulacrum (IceCv)
  6 dream sheep
  2 blink frogs (Lair:6)
  13 hippogriffs
  A slime creature (shapeshifter) (Elf:2)
  A redback (Lair:6)
  A wraith (D:13)
  2 air elementals
  11 wyverns
  16 yaks
  A fire elemental (Elf:3)
  3 water elementals
  4 dire elephant simulacra (IceCv)
  3 basilisks (Lair:6)
  5 vampire mosquitoes (D:15)
  A death yak simulacrum (IceCv)
  2 hungry ghosts
  A steam dragon (D:11)
  2 wargs (Orc:2)
  2 harpy simulacra (IceCv)
  25 nagas
  4 hydra simulacra (IceCv)
  13 water moccasins
  11 porcupines
  18 orc warriors
  An ice beast (D:6)
  2 sky beasts
  2 phantoms
  4 black bears
  An ettin simulacrum (IceCv)
  An eye of draining (D:13)
  5 ogres
  11 wolves
  5 boggarts (D:15)
  13 centaurs
  5 crocodiles
  5 earth elementals
  3 big kobolds (D:10)
  13 bullfrogs
  3 scorpions
  5 wights (D:12)
  5 howler monkeys
  2 bullfrog zombies
  6 crimson imps
  2 draconian simulacra (IceCv)
  A quasit (D:15)
  6 hounds
  4 jellies
  Crazy Yiuf (D:5)
  16 orc priests
  2 iguanas
  20 orc wizards
  8 worker ants
  A polar bear simulacrum (IceCv)
  4 troll simulacra (IceCv)
  2 wolf simulacra (IceCv)
  A centaur simulacrum (IceCv)
  A hound skeleton (D:5)
  4 gnolls (D:8)
  7 adders
  4 naga simulacra (IceCv)
  2 ogre simulacra (IceCv)
  2 shadow imps
  4 white imps (IceCv)
  An ufetubus (IceCv)
  An adder skeleton (D:7)
  2 leopard geckos
  49 orcs
  5 giant cockroaches
  2 goblins (D:2)
  2 hobgoblins
  4 jackals (D:4)
  A ball python (D:4)
  2 kobolds (D:1)
  A leopard gecko skeleton (D:5)
  3 rats
  A fungus (D:5)
728 creatures vanquished.

Vanquished Creatures (collateral kills)
  4 nagarajas (Snake:4)
  An ettin (D:15)
  3 naga warriors
  A deep elf high priest (Elf:3)
  2 anacondas (Snake:1)
  A two-headed ogre (D:14)
  12 dancing weapons
  A death yak (Lair:5)
  2 shock serpents
  6 naga sharpshooters
  The ghost of kraktruk the Fighter, a novice GrFi of Okawaru (Lair:1)
  3 deep elf knights (Elf:2)
  A deep elf archer (Elf:3)
  2 orc knights (Orc:2)
  A mana viper (Snake:1)
  4 deep elf magi (Elf:2)
  An orc sorcerer (D:15)
  4 salamanders
  2 ugly things (D:15)
  3 black mambas
  8 naga magi
  A guardian serpent (Snake:4)
  A freezing wraith (IceCv)
  3 vampire mosquitoes (D:15)
  8 nagas
  A water moccasin (Lair:6)
  An orc warrior (Orc:2)
  An earth elemental (Elf:3)
  An orc priest (Orc:2)
80 creatures vanquished.

Vanquished Creatures (others)
  A white imp (IceCv)
  2 ufetubi (IceCv)
  A bush (Lair:6)
  27 fungi
  36 plants
67 creatures vanquished.

Grand Total: 875 creatures vanquished

Notes
Turn   | Place    | Note
-------+----------+-------------------------------------------
     0 | D:1      | MackTheKnife the Vine Stalker Berserker began the quest for the Orb.
     0 | D:1      | Reached XP level 1. HP: 11/11 MP: 2/2
    47 | D:1      | Reached skill level 3 in Short Blades
    57 | D:1      | Reached XP level 2. HP: 7/16 MP: 1/3
   281 | D:3      | HP: 3/16 [leopard gecko (3)]
   285 | D:3      | Reached XP level 3. HP: 4/19 MP: 1/4
   339 | D:4      | Noticed an ogre
   347 | D:4      | Killed an ogre
   347 | D:4      | Reached skill level 5 in Short Blades
   347 | D:4      | Gained mutation: Your natural rate of healing is unusually fast. [Vine Stalker growth]
   347 | D:4      | Reached XP level 4. HP: 13/23 MP: 5/5
   436 | D:4      | Reached XP level 5. HP: 18/27 MP: 6/6
   524 | D:4      | Noticed a phantom
   532 | D:4      | Killed a phantom
   532 | D:4      | Reached skill level 6 in Short Blades
   532 | D:4      | Reached XP level 6. HP: 32/32 MP: 7/7
   556 | D:5      | Entered Level 5 of the Dungeon
   588 | D:6      | Noticed an ice beast
   600 | D:6      | Killed an ice beast
   600 | D:6      | Reached ** piety under Trog
   607 | D:6      | Noticed an orc warrior
   644 | D:5      | Reached skill level 7 in Short Blades
   644 | D:5      | Reached XP level 7. HP: 35/35 MP: 8/8
   667 | D:5      | HP: 12/52 [acid (2)]
   686 | D:5      | Found a runed door.
   706 | D:5      | Noticed Crazy Yiuf
   710 | D:5      | Killed Crazy Yiuf
  1046 | D:7      | Found a staircase to the Ecumenical Temple.
  1105 | D:8      | Reached skill level 8 in Short Blades
  1193 | D:8      | Noticed a two-headed ogre
  1202 | D:8      | Killed a two-headed ogre
  1202 | D:8      | Reached skill level 6 in Fighting
  1202 | D:8      | Gained mutation: You have razor-sharp teeth. [Vine Stalker growth]
  1202 | D:8      | Reached XP level 8. HP: 28/44 MP: 9/9
  1227 | D:8      | Noticed Erica
  1254 | D:8      | HP: 13/67 [gnoll/vampiric halberd (4)]
  1332 | D:7      | Found an opulent altar of Gozag.
  1373 | D:8      | Reached skill level 7 in Fighting
  1450 | D:8      | Reached XP level 9. HP: 45/50 MP: 10/10
  1483 | D:8      | Found Oskutile's Magic Scroll Shop.
  1494 | D:8      | Killed Erica
  1494 | D:8      | Reached skill level 8 in Fighting
  1503 | D:8      | Bought a scroll of teleportation for 45 gold pieces
  1503 | D:8      | Bought a scroll of fear for 52 gold pieces
  1538 | D:9      | Reached skill level 1 in Evocations
  1546 | D:9      | Reached skill level 2 in Evocations
  1597 | D:9      | Noticed a troll
  1606 | D:9      | Killed a troll
  1606 | D:9      | Reached skill level 3 in Evocations
  1700 | D:9      | Reached skill level 4 in Evocations
  1725 | D:9      | Noticed Psyche
  1734 | D:9      | Killed Psyche
  1734 | D:9      | Reached skill level 5 in Evocations
  1734 | D:9      | Reached XP level 10. HP: 57/57 MP: 13/15
  1735 | D:9      | Noticed a two-headed ogre
  1736 | D:9      | Reached *** piety under Trog
  1742 | D:9      | Killed a two-headed ogre
  1742 | D:9      | Reached skill level 6 in Evocations
  1751 | D:9      | Reached skill level 7 in Evocations
  1801 | D:9      | Paralysed by a hornet for 2 turns
  1849 | D:9      | Found a staircase to the Orcish Mines.
  1886 | Orc:1    | Entered Level 1 of the Orcish Mines
  1907 | Orc:2    | Entered Level 2 of the Orcish Mines
  1924 | Orc:2    | Reached skill level 9 in Fighting
  1927 | Orc:2    | HP: 19/87 [orc warrior/halberd (9)]
  2058 | Orc:2    | Reached **** piety under Trog
  2109 | Orc:2    | Found a staircase to the Elven Halls.
  2133 | Orc:1    | Noticed an orc knight
  2167 | Orc:2    | Noticed an orc sorcerer
  2175 | Orc:2    | Killed an orc sorcerer
  2325 | Orc:2    | Reached skill level 10 in Fighting
  2482 | Orc:2    | Noticed an orc sorcerer
  2492 | Orc:2    | Noticed an orange demon
  2496 | Orc:2    | Killed an orc sorcerer
  2496 | Orc:2    | Reached XP level 11. HP: 64/64 MP: 17/17
  2497 | Orc:2    | Noticed an orc knight
  2497 | Orc:2    | Noticed an orc knight
  2498 | Orc:2    | Noticed an orc high priest
  2499 | Orc:2    | Noticed an orc sorcerer
  2499 | Orc:2    | Noticed an orc high priest
  2505 | Orc:2    | Noticed an orc knight
  2505 | Orc:2    | Killed an orc high priest
  2505 | Orc:2    | Reached skill level 11 in Fighting
  2509 | Orc:2    | Killed an orc sorcerer
  2666 | Orc:2    | Reached skill level 2 in Armour
  2718 | Orc:2    | Reached skill level 2 in Dodging
  2746 | Orc:2    | Killed an orc knight
  2752 | Orc:2    | Noticed an orc sorcerer
  2761 | Orc:2    | Killed an orc knight
  2767 | Orc:2    | Killed an orc high priest
  2767 | Orc:2    | Reached skill level 3 in Armour
  2767 | Orc:2    | Reached skill level 3 in Dodging
  2771 | Orc:2    | Noticed an orc high priest
  2772 | Orc:2    | Killed an orc sorcerer
  2781 | Orc:2    | HP: 14/65 [orc warrior/glaive of freezing (8)]
  2831 | Orc:2    | Killed an orc knight
  2884 | Orc:2    | Reached skill level 4 in Armour
  2887 | Orc:2    | Noticed an orc knight
  2900 | Orc:2    | Killed an orc knight
  2900 | Orc:2    | Reached skill level 4 in Dodging
  2955 | Orc:2    | Noticed an orc sorcerer
  2965 | Orc:2    | Killed an orc sorcerer
  2988 | Orc:2    | Found Okyphine's Book Emporium.
  2996 | Orc:2    | Noticed a sun demon
  3004 | Orc:2    | Killed an orc high priest
  3008 | Orc:2    | Found Obreonn's Jewellery Boutique.
  3009 | Orc:2    | Found Osoly's Weapon Emporium.
  3010 | Orc:2    | Found Afulatea's Distillery.
  3027 | Orc:2    | Bought a potion of might for 48 gold pieces
  3035 | Orc:2    | Bought an uncursed ring of poison resistance for 220 gold pieces
  3270 | D:10     | Entered Level 10 of the Dungeon
  3326 | D:10     | Noticed a cyclops
  3332 | D:10     | HP: 5/66 [cyclops/large rock (22)]
  3430 | D:10     | Reached skill level 12 in Fighting
  3435 | D:10     | Gained mutation: You heal very quickly. [Vine Stalker growth]
  3435 | D:10     | Reached XP level 12. HP: 71/71 MP: 18/18
  3474 | D:10     | Noticed a two-headed hydra
  3485 | D:10     | Killed a two-headed hydra
  3579 | D:10     | Noticed a two-headed ogre
  3590 | D:10     | Killed a two-headed ogre
  3713 | D:11     | Noticed a deep elf knight
  3716 | D:11     | Noticed a deep elf knight
  3716 | D:11     | Noticed Urug
  3716 | D:11     | Noticed a deep elf knight
  3722 | D:11     | Killed a deep elf knight
  3727 | D:11     | Killed a deep elf knight
  3727 | D:11     | Reached skill level 13 in Fighting
  3737 | D:11     | Noticed Harold
  3867 | D:11     | Reached ***** piety under Trog
  3873 | D:11     | Found a staircase to the Lair.
  3889 | D:11     | Noticed Fannar
  3896 | Lair:1   | Entered Level 1 of the Lair of Beasts
  3964 | Lair:1   | Noticed kraktruk's ghost (novice GrFi)
  3975 | Lair:1   | Killed kraktruk's ghost
  3981 | Lair:2   | Noticed a five-headed hydra
  4073 | Lair:1   | Noticed Joseph
  4078 | Lair:1   | Killed Joseph
  4121 | Lair:2   | Reached skill level 5 in Dodging
  4124 | Lair:2   | HP: 17/74 [black mamba (3)]
  4129 | Lair:1   | HP: 17/74 [poisoned by a spiny frog]
  4154 | Lair:2   | Noticed Nergalle
  4163 | Lair:2   | Killed Nergalle
  4263 | Lair:3   | Reached skill level 6 in Dodging
  4334 | Lair:4   | Noticed a six-headed hydra
  4346 | Lair:4   | Killed a six-headed hydra
  4389 | Lair:4   | Reached XP level 13. HP: 73/78 MP: 17/19
  4434 | Lair:5   | Reached skill level 7 in Dodging
  4672 | Lair:6   | Entered Level 6 of the Lair of Beasts
  4761 | Lair:6   | Found a shadowy altar of Dithmenos.
  4802 | Lair:6   | Reached skill level 8 in Dodging
  4842 | Lair:6   | Noticed Rupert
  4861 | Lair:6   | Killed Rupert
  4888 | Lair:6   | Reached skill level 9 in Dodging
  5085 | Lair:6   | Reached skill level 10 in Dodging
  5227 | Lair:6   | Reached skill level 5 in Armour
  5291 | Lair:6   | Reached skill level 6 in Armour
  5417 | Lair:6   | Reached XP level 14. HP: 70/83 MP: 20/20
  5473 | Lair:6   | Reached skill level 7 in Armour
  5684 | Lair:6   | Received a gift from Trog
  5726 | Lair:6   | Reached skill level 8 in Armour
  6043 | D:11     | Killed Harold
  6089 | Lair:1   | Reached skill level 9 in Armour
  6144 | D:11     | Killed Fannar
  6144 | D:11     | Reached skill level 14 in Fighting
  6341 | D:12     | Got a fine long sword
  6342 | D:12     | Identified the +7 long sword "Ruusujis" {slice, +Blink MR+} (You found it on level 12 of the Dungeon)
  6719 | D:13     | Received a gift from Trog
  7021 | D:14     | Found a labyrinth entrance.
  7033 | Lab      | Entered a labyrinth
  7153 | Lab      | Reached skill level 15 in Fighting
  7219 | D:14     | Found a stormy altar of Qazlal.
  7245 | D:14     | Found a portal to a secret trove of treasure.
  7391 | D:15     | Entered Level 15 of the Dungeon
  7465 | D:14     | HP: 19/86 [two-headed ogre/giant club (8)]
  7527 | D:15     | Reached XP level 15. HP: 90/90 MP: 21/21
  7704 | D:15     | Noticed Sonja
  7712 | D:15     | Killed Sonja
  7735 | D:15     | Reached skill level 16 in Fighting
  7789 | D:15     | Reached skill level 1 in Shields
  7805 | D:15     | Reached skill level 2 in Shields
  7855 | D:15     | Found a sparkling altar of Nemelex Xobeh.
  7886 | D:15     | Reached skill level 3 in Shields
  8054 | D:13     | Received a gift from Trog
  8193 | Lair:2   | Reached skill level 4 in Shields
  8258 | Lair:2   | Reached skill level 1 in Stealth
  8407 | Lair:3   | Found a staircase to the Shoals.
  8415 | Lair:3   | Reached skill level 2 in Stealth
  8454 | Shoals:1 | Entered Level 1 of the Shoals
  8494 | Shoals:1 | Reached skill level 3 in Stealth
  8593 | Shoals:2 | HP: 30/136 [merfolk javelineer/javelin of penetration (7)]
  8594 | Shoals:2 | Reached skill level 4 in Stealth
  8701 | Shoals:2 | Reached skill level 5 in Stealth
  8783 | Shoals:2 | HP: 20/91 [merfolk/trident (6)]
  8977 | Lair:3   | Noticed Gastronok
  8984 | Lair:3   | Reached skill level 5 in Shields
  9002 | Lair:3   | Killed Gastronok
  9035 | Lair:3   | Found a staircase to the Snake Pit.
  9063 | Snake:1  | Entered Level 1 of the Snake Pit
  9108 | Snake:1  | Reached skill level 6 in Shields
  9250 | Snake:1  | Received a gift from Trog
  9290 | Snake:1  | Reached skill level 7 in Shields
  9445 | Snake:2  | Noticed a nagaraja
  9465 | Snake:2  | Killed a nagaraja
  9475 | Snake:2  | Reached skill level 8 in Shields
  9481 | Snake:2  | Reached XP level 16. HP: 96/96 MP: 22/22
  9690 | Snake:2  | Got a warped leather armour
  9701 | Snake:2  | Identified the +1 leather armour "Loprouf" {rCorr Int+7} (You found it on level 2 of the Snake Pit)
  9722 | Snake:3  | Found a deep blue altar of Sif Muna.
  9727 | Snake:3  | Found Alui's Antique Armour Boutique.
  9730 | Snake:3  | Found Ewkog's Armour Shop.
  9730 | Snake:3  | Found Byczoock's Armour Boutique.
  9745 | Snake:3  | Found Ymekater's Book Shop.
  9767 | Snake:3  | Reached skill level 9 in Shields
  9780 | Snake:3  | Bought a +2 large shield of protection for 322 gold pieces
  9813 | Snake:3  | Gained mutation: Your muscles are strong. (Str +2) [potion of mutation]
  9813 | Snake:3  | Gained mutation: You are resistant to hostile enchantments. (MR+) [potion of mutation]
  9813 | Snake:3  | Gained mutation: Your magical capacity is low. (-10% MP) [potion of mutation]
  9813 | Snake:3  | Gained mutation: You have sharp toenails. [potion of mutation]
  9961 | Snake:3  | Reached skill level 9 in Short Blades
 10050 | Snake:3  | Noticed Vashnia
 10054 | Snake:4  | Entered Level 4 of the Snake Pit
 10070 | Snake:4  | Noticed a nagaraja
 10080 | Snake:4  | Killed a nagaraja
 10136 | Snake:4  | Reached skill level 10 in Short Blades
 10287 | Snake:4  | Noticed a nagaraja
 10299 | Snake:4  | Killed a nagaraja
 10299 | Snake:4  | Reached skill level 10 in Shields
 10393 | Snake:4  | Reached ****** piety under Trog
 10443 | Snake:4  | Noticed a nagaraja
 10454 | Snake:4  | HP: 23/96 [shock serpent/bolt of electricity (14)]
 10457 | Snake:4  | Killed a nagaraja
 10457 | Snake:4  | HP: 11/96 [shock serpent (10)]
 10462 | Snake:4  | HP: 12/96 [poisoned by a nagaraja (bolt of poison)]
 10467 | Snake:4  | HP: 12/96 [poisoned by a nagaraja (bolt of poison)]
 10472 | Snake:3  | HP: 15/96 [poisoned by a nagaraja (bolt of poison)]
 10477 | Snake:3  | HP: 18/96 [poisoned by a nagaraja (bolt of poison)]
 10484 | Snake:4  | HP: 24/96 [poisoned by a nagaraja (bolt of poison)]
 10518 | Snake:4  | Reached skill level 11 in Shields
 10595 | Snake:4  | Noticed a nagaraja
 10617 | Snake:4  | Killed a nagaraja
 10626 | Snake:4  | Received a gift from Trog
 10705 | Snake:4  | Got a serpentine rune of Zot
 10803 | Snake:2  | Noticed a nagaraja
 10810 | Snake:2  | Killed a nagaraja
 10810 | Snake:2  | Reached XP level 17. HP: 58/100 MP: 21/21
 10827 | Snake:2  | Found an iron altar of Okawaru.
 10867 | Snake:2  | Reached skill level 12 in Shields
 11260 | Elf:1    | Entered Level 1 of the Elven Halls
 11359 | Elf:1    | Found a frozen archway.
 11395 | IceCv    | Entered an ice cave
 11409 | IceCv    | Received a gift from Trog
 11440 | IceCv    | Reached skill level 13 in Shields
 11688 | IceCv    | Noticed Duffy's ghost (journeyman VSGl)
 11700 | IceCv    | Killed Duffy's ghost
 11744 | IceCv    | Noticed an Ice Fiend
 11795 | IceCv    | Killed an Ice Fiend
 11864 | IceCv    | Got a translucent glaive
 11983 | Elf:2    | Gained mutation: You occasionally shout uncontrollably at your foes. [a neqoxec]
 11985 | Elf:2    | Received a gift from Trog
 12075 | Elf:3    | Entered Level 3 of the Elven Halls
 12208 | Elf:2    | Reached skill level 14 in Shields
 12326 | Elf:2    | Found a runed gate.
 12326 | Elf:2    | Found a runed gate.
 12328 | Elf:2    | Found a runed gate.
 12615 | Elf:2    | Noticed a deep elf blademaster
 12620 | Elf:2    | Killed a deep elf blademaster
 12826 | Elf:2    | Reached skill level 15 in Shields
 12891 | Elf:2    | Noticed Roxanne
 12995 | Elf:2    | Reached XP level 18. HP: 87/105 MP: 22/22
 13044 | Elf:3    | Found Yfuisalo's Food Emporium.
 13051 | Elf:3    | Received a gift from Trog
 13063 | Elf:3    | Got a bloodstained morningstar
 13065 | Elf:3    | Identified the +10 morningstar of the Doomed Warrior {venom, rElec rPois rN+ Int+3} (You found it on level 3 of the Elven Halls)
 13081 | Elf:3    | Found Wuan Heniu's Gadget Emporium.
 13084 | Elf:3    | Found Xaytappo's Jewellery Boutique.
 13085 | Elf:3    | Found Osenoh's Gadget Emporium.
 13284 | Elf:3    | Found a huge runed gate.
 13284 | Elf:3    | Found a huge runed gate.
 13285 | Elf:3    | Found a huge runed gate.
 13286 | Elf:3    | Found a huge runed gate.
 13287 | Elf:3    | Found a huge runed gate.
 13288 | Elf:3    | Found a huge runed gate.
 13289 | Elf:3    | Found a huge runed gate.
 13290 | Elf:3    | Found a huge runed gate.
 13291 | Elf:3    | Found a huge runed gate.
 13292 | Elf:3    | Found a huge runed gate.
 13293 | Elf:3    | Found a huge runed gate.
 13301 | Elf:3    | Found a huge runed gate.
 13301 | Elf:3    | Found a huge runed gate.
 13301 | Elf:3    | Found a huge runed gate.
 13301 | Elf:3    | Found a huge runed gate.
 13319 | Elf:3    | Found a huge runed gate.
 13324 | Elf:3    | Found a huge runed gate.
 13324 | Elf:3    | Found a huge runed gate.
 13325 | Elf:3    | Found a huge runed gate.
 13325 | Elf:3    | Found a huge runed gate.
 13325 | Elf:3    | Found a huge runed gate.
 13329 | Elf:3    | Found a huge runed gate.
 13329 | Elf:3    | Found a huge runed gate.
 13329 | Elf:3    | Found a huge runed gate.
 13329 | Elf:3    | Found a huge runed gate.
 13620 | Elf:3    | Noticed a deep elf master archer
 13629 | Elf:3    | Killed a deep elf master archer
 13633 | Elf:3    | Reached skill level 16 in Shields
 13657 | Elf:3    | Noticed a deep elf master archer
 13685 | Elf:3    | Killed a deep elf master archer
 13734 | Elf:3    | Noticed a deep elf master archer
 13737 | Elf:3    | Noticed a deep elf blademaster
 13770 | Elf:3    | Killed a deep elf blademaster
 13776 | Elf:3    | Killed a deep elf master archer
 13789 | Elf:3    | Noticed a deep elf master archer
 13800 | Elf:3    | Killed a deep elf master archer
 13817 | Elf:3    | Noticed a deep elf blademaster
 13855 | Elf:3    | Killed a deep elf blademaster
 13873 | Elf:3    | Reached skill level 17 in Shields
 13893 | Elf:3    | Got a scintillating bronze amulet
 13897 | Elf:3    | Got a clouded platinum ring
 13903 | Elf:3    | Identified the ring of Mubenil {rElec Str-2 Dex+3 Stlth-} (You took it off a deep elf blademaster on level 3 of the Elven Halls)
 14013 | Elf:3    | Killed from afar by a deep elf sorcerer

Vault maps used:
D:1:      lightli_arrival_maybe_door_vault
D:2:      kennysheep_six_static_rooms, first_bread, uniq_terence
D:3:      glass_columns_b, okawaru_ov_weapons_minmay
D:5:      uniq_crazy_yiuf_cottage
D:6:      hangedman_cross_stitches, minmay_bent
D:7:      old_standard_altar, temple_pool_b
D:8:      serial_shops, shop, uniq_erica
D:9:      erik_orc_2, uniq_psyche
D:10:     hangedman_ranch, hex_medium, minmay_crystal_water
D:11:     due_lair_maze_entry_diamond, minmay_shop_grid_forest, minivault_23,
          sword_in_stone, uniq_urug, uniq_fannar, uniq_harold
D:13:     erik_vaults_2
D:14:     hangedman_decor_clover_reticule, lab_entry_generic, enter_trove_0,
          grunt_ministairs_11, grunt_qazlal_sundering
D:15:     hangedman_depths_entry_civil_slaughter, nrook_mini_backslash,
          nemelex_xobeh_ov_fountains_minmay, uniq_sonja
Lair:1:   uniq_joseph
Lair:2:   serial_bayou_shore_b, uniq_nergalle
Lair:3:   beast_lair_carwin_large_2, minmay_shoals_entry_beasts,
          guppyfry_snake_entry_garden, grunt_forest_large_clearing_hut,
          uniq_gastronok
Lair:5:   beast_lair_carwin_large_1, minmay_slime_entry_jelly_boxes,
          serial_bayou_shore_b, uniq_snorg
Lair:6:   hangedman_lair_tendril_chambers, wormcave, lemuel_centaur_altar,
          uniq_rupert, uniq_josephine
Shoals:2: nicolae_shoals_seven_spires
Snake:1:  evilmike_ambush
Snake:2:  basic_altar
Snake:3:  basic_altar, minmay_shoptagon, uniq_vashnia, uniq_louise
Snake:4:  snake_pit, nicolae_snake_round_shape_thing
Orc:1:    serial_shops, nicolae_orc_bridge_out
Orc:2:    st_orc_elflike
Elf:1:    eino_elf_arrival_the_gate, portal_ice_cave_entry_ice_statue_one,
          minmay_elf_annihilation
Elf:2:    minivault_26, uniq_roxanne
Elf:3:    minmay_elf_hall_furrowed, serial_shops, shop_fountains,
          grunt_ministairs_8, not_door_vault_mu, minmay_shop_grove
Lab:      labyrinth_watery, lab_statue, labyrinth_lava_lair
IceCv:    ice_cave_caverns_03

Skill      XL: |  1  2  3  4  5  6  7  8  9 10 11 12 13 14 15 16 17 18 |
---------------+-------------------------------------------------------+-----
Short Blades   | 3 5 6 7 8 10 | 10.0
Fighting       | 6 7 8 10 12 13 15 16 | 16.0
Evocations     | 5 7 |  7.8
Armour         | 4 6 9 |  9.0
Dodging        | 4 6 10 | 10.0
Shields        | 8 11 15 17 | 17.3
Stealth        | 5 |  5.8

Action                   |  1- 3 |  4- 6 |  7- 9 | 10-12 | 13-15 | 16-18 || total
-------------------------+-------+-------+-------+-------+-------+-------++-------
Melee: Short sword       |    37 |    62 |   144 |       |       |       ||   243
       Bite              |     9 |    19 |    71 |   169 |   611 |   751 ||  1630
       Scimitar          |       |       |    46 |   144 |       |       ||   190
       Dagger            |       |       |       |   328 |  1227 |  1467 ||  3022
       Kick              |       |       |       |       |       |   326 ||   326
Throw: Javelin           |     4 |     4 |     1 |     5 |       |       ||    14
Invok: Berserk           |     3 |     2 |    10 |    24 |    31 |    13 ||    83
       Trog's Hand       |       |       |     4 |    14 |     8 |    11 ||    37
       Brothers in Arms  |       |       |       |     3 |     9 |    23 ||    35
       Burn Spellbooks   |       |       |       |       |     1 |       ||     1
Evoke: Wand              |       |       |     5 |    16 |    32 |     6 ||    59
  Use: Scroll            |     1 |     1 |     6 |     5 |    21 |    11 ||    45
       Potion            |       |       |       |       |     2 |     5 ||     7
 Stab: Sleeping          |       |     1 |     2 |       |       |       ||     3
       Petrified         |       |       |       |       |     3 |       ||     3
       Petrifying        |       |       |       |       |     1 |       ||     1
       Confused          |       |       |       |       |     2 |     2 ||     4
       Distracted        |       |       |       |       |       |     5 ||     5
  Eat: Chunk             |       |     2 |    11 |    29 |    35 |     6 ||    83
       Bread ration      |       |       |     1 |     1 |     1 |     3 ||     6
       Fruit             |       |       |       |     9 |       |       ||     9
       Meat ration       |       |       |       |       |     3 |     4 ||     7
       Royal jelly       |       |       |       |       |       |     3 ||     3
Armor: Animal skin       |     2 |     4 |    10 |       |       |       ||    16
       Leather armour    |       |       |     1 |       |       |       ||     1
       Ring mail         |       |       |     8 |    44 |       |       ||    52
       Chain mail        |       |       |       |    95 |   359 |   211 ||   665
Dodge: Dodged            |    29 |    42 |    97 |   195 |   621 |   291 ||  1275
Block: Buckler           |       |       |       |       |    56 |     6 ||    62
       Large shield      |       |       |       |       |       |   971 ||   971
       Shield            |       |       |       |       |       |    32 ||    32
       Rpst.: Scimitar   |       |       |     7 |    13 |       |       ||    20

Vault maps used:
D:1:      lightli_arrival_maybe_door_vault
D:2:      kennysheep_six_static_rooms, first_bread, uniq_terence
D:3:      glass_columns_b, okawaru_ov_weapons_minmay
D:5:      uniq_crazy_yiuf_cottage
D:6:      hangedman_cross_stitches, minmay_bent
D:7:      old_standard_altar, temple_pool_b
D:8:      serial_shops, shop, uniq_erica
D:9:      erik_orc_2, uniq_psyche
D:10:     hangedman_ranch, hex_medium, minmay_crystal_water
D:11:     due_lair_maze_entry_diamond, minmay_shop_grid_forest, minivault_23,
          sword_in_stone, uniq_urug, uniq_fannar, uniq_harold
D:13:     erik_vaults_2
D:14:     hangedman_decor_clover_reticule, lab_entry_generic, enter_trove_0,
          grunt_ministairs_11, grunt_qazlal_sundering
D:15:     hangedman_depths_entry_civil_slaughter, nrook_mini_backslash,
          nemelex_xobeh_ov_fountains_minmay, uniq_sonja
Lair:1:   uniq_joseph
Lair:2:   serial_bayou_shore_b, uniq_nergalle
Lair:3:   beast_lair_carwin_large_2, minmay_shoals_entry_beasts,
          guppyfry_snake_entry_garden, grunt_forest_large_clearing_hut,
          uniq_gastronok
Lair:5:   beast_lair_carwin_large_1, minmay_slime_entry_jelly_boxes,
          serial_bayou_shore_b, uniq_snorg
Lair:6:   hangedman_lair_tendril_chambers, wormcave, lemuel_centaur_altar,
          uniq_rupert, uniq_josephine
Shoals:2: nicolae_shoals_seven_spires
Snake:1:  evilmike_ambush
Snake:2:  basic_altar
Snake:3:  basic_altar, minmay_shoptagon, uniq_vashnia, uniq_louise
Snake:4:  snake_pit, nicolae_snake_round_shape_thing
Orc:1:    serial_shops, nicolae_orc_bridge_out
Orc:2:    st_orc_elflike
Elf:1:    eino_elf_arrival_the_gate, portal_ice_cave_entry_ice_statue_one,
          minmay_elf_annihilation
Elf:2:    minivault_26, uniq_roxanne
Elf:3:    minmay_elf_hall_furrowed, serial_shops, shop_fountains,
          grunt_ministairs_8, not_door_vault_mu, minmay_shop_grove
Lab:      labyrinth_watery, lab_statue, labyrinth_lava_lair
IceCv:    ice_cave_caverns_03

Table legend:
 A = Turns spent in this place as a percentage of turns spent in the entire game.
 B = Non-inter-level travel turns spent in this place as a percentage of non-inter-level travel turns spent in the entire game.
 C = Inter-level travel turns spent in this place as a percentage of turns spent in this place.
 D = Turns resting spent in this place as a percentage of non-inter-level travel turns spent in this place.
 E = Turns spent auto-exploring this place as a percentage of non-inter-level travel turns spent in this place.
 F = Non-inter-level travel turns spent in this place divided by the number of levels of this place that you've seen.
                   A       B       C       D       E      F
               +-------+-------+-------+-------+-------+----------------------
         Total | 100.0 | 100.0 |   0.4 |   0.2 |   0.2 | 375.3
       Dungeon |  31.9 |  31.9 |   0.5 |   0.1 |   0.1 | 271.1
          Lair |  20.1 |  20.1 |   0.3 |   0.1 |   0.1 | 427.2
        Shoals |   2.5 |   2.4 |   1.6 |   0.6 |   0.0 | 154.5
     Snake Pit |  14.1 |  14.2 |   0.2 |   0.4 |   0.4 | 451.8
  Orcish Mines |   9.3 |   9.3 |   0.4 |   0.7 |   0.0 | 590.5
   Elven Halls |  16.9 |  16.9 |   0.1 |   0.0 |   0.3 | 719.3
     Labyrinth |   1.2 |   1.2 |   0.0 |   0.0 |   0.0 | 152.0
      Ice Cave |   4.1 |   4.1 |   0.0 |   0.0 |   0.0 | 523.0
               +-------+-------+-------+-------+-------+----------------------

Table legend:
 A = Kills in this place as a percentage of kills in entire the game.
 B = Kills by you in this place as a percentage of kills by you in the entire game.
 C = Kills by friends in this place as a percentage of kills by friends in the entire game.
 D = Other kills in this place as a percentage of other kills in the entire game.
 E = Experience gained in this place as a percentage of experience gained in the entire game.
 F = Experience gained in this place divided by the number of levels of this place that you have seen.
                   A       B       C       D       E      F
               +-------+-------+-------+-------+-------+----------------------
         Total | 100.0 | 100.0 | 100.0 | 100.0 | 100.0 | 8815.9
       Dungeon |  31.4 |  33.7 |  10.0 |  50.0 |  16.2 | 3243.3
          Lair |  17.6 |  18.9 |   5.0 |  50.0 |  16.1 | 8032.7
        Shoals |   1.7 |   1.9 |   0.0 |   0.0 |   2.3 | 3436.5
     Snake Pit |  19.0 |  15.4 |  51.2 |   0.0 |  25.9 | 19397.2
  Orcish Mines |   8.9 |   9.4 |   5.0 |   0.0 |   3.6 | 5361.0
   Elven Halls |  15.2 |  13.9 |  27.5 |   0.0 |  32.4 | 32371.3
     Labyrinth |   0.1 |   0.1 |   0.0 |   0.0 |   0.4 | 1118.0
      Ice Cave |   6.1 |   6.6 |   1.2 |   0.0 |   3.2 | 9479.0
               +-------+-------+-------+-------+-------+----------------------
